 Dungeon Crawl Stone Soup version bcrawl-1.21.3 (webtiles) character file.

Game seed: 164681475540422774

1376 Freyura the Schismatic (level 8, -8/62 HPs)
             Began as a Demonspawn Abyssal Knight on Apr 8, 2020.
             Was an Elder of Lugonu.
             Mangled by a two-headed ogre
             ... wielding a +0 giant spiked club
              (9 damage)
             ... on level 6 of the Dungeon on Apr 9, 2020.
             The game lasted 00:12:47 (5328 turns).

Freyura the Schismatic (Demonspawn Abyssal Knight)  Turns: 5328, Time: 00:12:47

Health: -8/62      AC: 11    Str: 14 (17) XL:     8   Next: 39%
Magic:  12/12      EV: 10    Int: 14 (15) God:    Lugonu [****..]
Gold:   419        SH:  3    Dex: 16 (18) Spells: 7/7 levels left

rFire    . . .     SeeInvis .   h - +2 mace (drain)
rCold    + . .     Gourm    .   (no shield)
rNeg     . . .     Faith    .   k - +0 chain mail
rPois    .         Spirit   .   (no helmet)
rElec    .         Reflect  +   o - +1 cloak
rCorr    .         Harm     .   (no gloves)
MR       .....     Clarity  +   (no boots)
Stlth    ..........             q - +3 amulet of reflection
HPRegen  0.20/turn              u - +4 ring of dexterity
MPRegen  0.13/turn              y - ring of protection from cold

@: mighty
A: hooves 1, clarity, powered by death 1, powered by pain 1, screaming 1, sturdy
frame 2
a: Depart the Abyss, Bend Space, Banish, Corrupt, Renounce Religion


You were on level 6 of the Dungeon.
You worshipped Lugonu.
Lugonu was greatly pleased with you.
You were very hungry.

You visited 1 branch of the dungeon, and saw 6 of its levels.
You visited the Abyss 1 time.

You collected 501 gold pieces.
You spent 82 gold pieces at shops.

Inventory:

Hand Weapons
 h - a +2 mace of draining (weapon)
Missiles
 c - 10 tomahawks of dispersal (quivered)
 d - 971 stones
 D - 53 tomahawks
Armour
 k - a +0 chain mail (worn)
 o - a +1 cloak (worn)
Magical Staves
 A - an uncursed staff of summoning {unknown}
Jewellery
 q - a +3 amulet of reflection (around neck)
 u - a +4 ring of dexterity (left hand)
 y - a ring of protection from cold (right hand)
Wands
 t - a wand of polymorph (13)
 v - a wand of digging (10)
Scrolls
 a - 4 scrolls of remove curse
 b - a scroll of identify
 r - a scroll of blinking
 w - a scroll of magic mapping
 x - a scroll of enchant weapon
 z - 2 scrolls of teleportation
 B - a scroll of amnesia
Potions
 f - a potion of lignification {unknown}
 g - 2 potions of degeneration
 i - 2 potions of flight {unknown}
 j - a potion of invisibility {unknown}
 l - a potion of resistance {unknown}
 m - a potion of curing {unknown}
 n - a potion of magic {unknown}
 p - a potion of mutation
 s - a potion of brilliance {unknown}
Comestibles
 e - 11 rations {!d}


   Skills:
 + Level 5.1 Fighting
 * Level 5.7 Maces & Flails
 - Level 0.8 Throwing
 + Level 4.2 Armour
 + Level 3.6 Dodging
 + Level 6.2 Invocations


You had 7 spell levels left.
You didn't know any spells.
Your spell library was empty.

Dungeon Overview and Level Annotations

Branches:
Dungeon (6/12)             Temple (0/1) D:4

Altars:
Ashenzari
Cheibriados
Gozag
Nemelex Xobeh
Ru

Shops:
D:5 %%?

Annotations:
D:6 Edmund


Innate Abilities, Weirdness & Mutations

You have large cloven feet.
You regenerate a little health from kills.
You sometimes gain a little power by taking damage.
Your movements are less encumbered by armour. (ER -4)
You possess an exceptional clarity of mind.
You occasionally shout uncontrollably at your foes.


Message History

You kick the two-headed ogre.
The two-headed ogre is heavily wounded.
The two-headed ogre closely misses you. x2
An orc comes into view. It is wielding a +0 hand axe.
An orc comes into view. It is wielding a +0 dagger.
A hound zombie comes into view.
The orc priest calls down the wrath of Beogh upon you.
Pain shoots through your body!
* * * LOW HITPOINT WARNING * * *
No path to travel!
No path to travel!
It was a potion of degeneration.
There was something very wrong with that liquid.
You feel weakened.
You feel dopey.
You feel clumsy.
The orc shouts! x2
It was a potion of mutation.
You feel extremely strange.
You feel the urge to shout.
Your thoughts seem clearer.
An ogre comes into view. It is wielding a +0 giant club.
The two-headed ogre hits you with a +0 giant spiked club!
You die...

...O. # #.#o# ## .###.
#Z#.# o.# #.....
#.#@##o# ....# ##......
##### #.?>.o. ##.
)...#########.#..##.....
).........##...P@O...#
......###.##...[##..##
......# #.##..P)###.#
P...### #.##..88....#
....# #.###.#####.#
###.# #.##..## #.#
#.##...# ###.###
#....#.# #.....#
####...#


You could see a two-headed ogre, Edmund, an ogre, an orc priest, 3 orcs and a
hound zombie.

Vanquished Creatures
  A yak (D:5)
  An ice beast (D:5)
  A phantom (D:5)
  A sky beast (D:4)
  An ogre (D:3)
  A big kobold (D:6)
  A scorpion (D:4)
  A howler monkey (D:5)
  A centaur zombie (D:5)
  3 crimson imps
  A bullfrog zombie (D:6)
  A gnoll shaman (D:5)
  An orc priest (D:4)
  An iguana (D:5)
  Jessica (D:2)
  An orc wizard (D:4)
  Natasha (twice) (D:4)
  2 worker ants
  2 hound zombies
  10 gnolls
  5 adders
  3 oozes
  An adder zombie (D:6)
  An adder skeleton (D:4)
  5 worms
  5 dart slugs
  3 leopard geckos
  12 orcs
  A ball python (D:3)
  2 giant cockroaches
  8 goblins
  11 hobgoblins
  7 jackals
  5 quokkas
  4 bats (D:1)
  5 frilled lizards
  11 kobolds
  A leopard gecko zombie (D:5)
  A quokka skeleton (D:5)
  3 rats (D:1)
128 creatures vanquished.

Vanquished Creatures (others)
  A withered plant (D:6)
1 creature vanquished.

Grand Total: 129 creatures vanquished

Notes
Turn   | Place    | Note
-------+----------+-------------------------------------------
     0 | Abyss:1  | Freyura the Demonspawn Abyssal Knight began the quest for
                  | the Orb.
     0 | Abyss:1  | Reached XP level 1. HP: 18/18 MP: 2/2
    10 | D:1      | Escaped the Abyss
    80 | D:1      | Reached skill level 1 in Dodging
   119 | D:1      | Gained mutation: Your movements are slightly less
                  | encumbered by armour. (ER -2) [demonic ancestry]
   119 | D:1      | Reached XP level 2. HP: 8/24 MP: 4/4
   128 | D:1      | Reached skill level 3 in Invocations
   702 | D:1      | Reached ** piety under Lugonu
   836 | D:1      | Gained mutation: Your movements are less encumbered by
                  | armour. (ER -4) [demonic ancestry]
   836 | D:1      | Reached XP level 3. HP: 25/29 MP: 5/5
  1243 | D:2      | Noticed Jessica
  1246 | D:2      | Killed Jessica
  1449 | D:2      | Found a sparkling altar of Nemelex Xobeh.
  1502 | D:2      | Gained mutation: You regenerate a little health from kills.
                  | [demonic ancestry]
  1502 | D:2      | Reached XP level 4. HP: 35/35 MP: 6/6
  2361 | D:3      | Gained mutation: You sometimes gain a little power by
                  | taking damage. [demonic ancestry]
  2361 | D:3      | Reached XP level 5. HP: 41/41 MP: 7/7
  2378 | D:3      | Found a sacrificial altar of Ru.
  2474 | D:3      | Reached skill level 4 in Invocations
  2607 | D:3      | Noticed an ogre
  2615 | D:3      | Killed an ogre
  2615 | D:3      | Reached XP level 6. HP: 32/48 MP: 9/9
  2840 | D:3      | Found a snail-covered altar of Cheibriados.
  3503 | D:4      | Reached *** piety under Lugonu
  3716 | D:4      | Noticed a sky beast
  3727 | D:4      | Killed a sky beast
  3727 | D:4      | Gained mutation: You have large cloven feet. [demonic
                  | ancestry]
  3727 | D:4      | Reached XP level 7. HP: 54/54 MP: 10/10
  3740 | D:4      | Noticed Natasha
  3761 | D:4      | Killed Natasha
  3782 | D:4      | Reached skill level 5 in Invocations
  3830 | D:4      | Found a staircase to the Ecumenical Temple.
  3859 | D:4      | Found a sparkling altar of Nemelex Xobeh.
  3910 | D:4      | Noticed Natasha
  3920 | D:4      | Killed Natasha
  3971 | D:4      | Found a shattered altar of Ashenzari.
  4030 | D:5      | Entered Level 5 of the Dungeon
  4051 | D:5      | Found Boogg's Food Shop.
  4246 | D:5      | Reached skill level 5 in Maces & Flails
  4247 | D:5      | Found Ostoihor's Magic Scroll Emporium.
  4264 | D:5      | Bought a scroll of enchant weapon for 82 gold pieces
  4323 | D:5      | Found Zoleups's Food Shop.
  4455 | D:5      | Reached XP level 8. HP: 52/61 MP: 12/12
  4699 | D:5      | Reached skill level 6 in Invocations
  4905 | D:5      | Reached skill level 5 in Fighting
  4957 | D:5      | Found an opulent altar of Gozag.
  5271 | D:6      | Reached **** piety under Lugonu
  5321 | D:6      | Noticed a two-headed ogre
  5324 | D:6      | Noticed Edmund
  5326 | D:6      | HP: 1/62 [orc priest/nerve-wracking pain (13)]
  5328 | D:6      | Gained mutation: You occasionally shout uncontrollably at
                  | your foes. [potion of mutation]
  5328 | D:6      | Gained mutation: You possess an exceptional clarity of
                  | mind. [potion of mutation]
  5328 | D:6      | Mangled by a two-headed ogre

Skill      XL: |  1  2  3  4  5  6  7  8 |
---------------+-------------------------+-----
Dodging        | 1 2 3 |  3.6
Maces & Flails | 2 3 4 5 |  5.7
Invocations    | 3 4 5 6 |  6.2
Armour         | 2 3 4 |  4.2
Fighting       | 4 5 |  5.1
Throwing       | |  0.8

Action                   |  1- 3 |  4- 6 |  7- 9 || total
-------------------------+-------+-------+-------++-------
Melee: Mace              |   100 |   181 |   229 ||   510
       Kick              |       |       |    59 ||    59
  Use: Scroll            |     3 |     6 |       ||     9
       Potion            |       |       |     2 ||     2
  Eat: Chunk             |     2 |     4 |     4 ||    10
       Ration            |       |     1 |       ||     1
Armor: Leather armour    |    31 |       |       ||    31
       Chain mail        |    28 |    96 |   146 ||   270
Dodge: Dodged            |    78 |   105 |   154 ||   337
Block: Other             |       |    28 |    36 ||    64
       Reflection        |       |     1 |       ||     1
